[Event "*** Titled Tuesday Blitz"]
[Site "Chess.com"]
[Date "2020.04.14"]
[Round "7"]
[White "regular_legs"]
[Black "FannyDuarteNapoles"]
[Result "1-0"]
[WhiteElo "2513"]
[BlackElo "2268"]
[TimeControl "180+1"]
[EndTime "11:16:11 PDT"]
[Termination "regular_legs won by resignation"]

1. e4 e5 2. Nf3 Nc6 3. Bb5 a6 4. Ba4 Nf6 5. O-O b5 6. Bb3 Be7 7. d3 O-O 8. Nc3 d6 9. a3 h6 10. h3 Nb8 11. a4 b4 12. Ne2 a5 13. Ng3 Be6 14. Bxe6 fxe6 15. d4 Nbd7 16. dxe5 Nxe5 17. Nxe5 dxe5 18. Qe2 Bc5 19. Qc4 Qe7 20. Nf5 Qf7 21.
Nxh6+ gxh6 22. Qxc5 Nxe4 23. Qxe5 Qg6 24. Be3 Rae8 25.
Rad1 Re7 26. Rd4 Nf6 27. Rf4 Rg7 28. g3 Nd5 29. Rxf8+ Kxf8 30. Bd4 Rf7 31. c4 bxc3 32. bxc3 Rf5 33. Qe4 Kf7 34. Re1 Nf4 35. Kh2 Nd5 36. c4 Ne7 37. Kg2 c5 38. Bc3 h5 39. Bxa5 Qf6 40. Re2 h4 41. g4 Rf4 42. Qh7+ Ke8 43. Qd3 Rd4 44. Qf3 Rf4 45. Qd3 Rd4 46. Qf3 Rf4 47. Qe3 Kf7 48. Bd8 Ke8 49. Bxe7 Kxe7 50. Qxc5+ Kf7 51. Qc7+ Kg6 52. Qc6 Kf7 53. Qd7+ Qe7 54.
Qxe7+ Kxe7 55. Rc2 Kd6 56. a5 Kc5 57. Re2 Rxc4 58.
Rxe6 Ra4 59. a6 Kd5 60. Rh6 Ke5 61.
Rh5+ Kf4 62. Rxh4 Rxa6 63. Rh5 Ra2 64. Rf5+ Ke4 65. Kg3 Ra3+ 66. f3+ Ke3 67. h4 Ra1 68. Re5+ Kd4 69. Re8 Rg1+ 70. Kf4 1-0

[Event "*** Titled Tuesday Blitz"]
[Site "Chess.com"]
[Date "2020.04.14"]
[Round "7"]
[White "Korchmar_Vasiliy"]
[Black "donotreadit"]
[Result "0-1"]
[WhiteElo "2529"]
[BlackElo "2702"]
[TimeControl "180+1"]
[EndTime "11:16:13 PDT"]
[Termination "donotreadit won on time"]

1. d4 d5 2. c4 e6 3. Nf3 Nf6 4. g3 Be7 5. Bg2 O-O 6. O-O dxc4 7. Ne5 Nc6 8. Bxc6 bxc6 9. Nxc6 Qe8 10. Nxe7+ Qxe7 11. Qc2 e5 12. dxe5 Qxe5 13. Bf4 Qh5 14. Nc3 Bb7 15. f3 Rae8 16. e4 Re6 17. Qf2 g5 18. g4 Qg6 19. Bxc7 h5 20. h3 hxg4 21. hxg4 Kg7 22.
Qxa7 Bc6 23. Qd4 Rh8 24. Kg2 Kg8 25. Rh1 Rh4 26. Bg3 Rxh1 27. Rxh1 Nh7 28. a4 f6 29. Qxc4 Qe8 30. a5 Kg7 31. a6 Nf8 32. a7 Qd7 33. Qc5 Qd2+ 34. Qf2 Qd3 35. Rd1 Qa6 36. Rd8 Ng6 37.
Qd2 Re7 38. Qd6 Rxa7 39. e5 Rf7 40. exf6+ Rxf6 41. Be5 Nxe5 42. Qxe5 Bxf3+ 43. Kg3 Qa7 44. Qxg5+ Rg6 45. Rg8+ Kxg8 46. Qxg6+ Kh8 47. Qh6+ Kg8 48. Qg6+ Kh8 49. Qf6+ Kg8 50. Qd8+ Kh7 51. Qh4+ Kg8 52. Kxf3 Qb7+ 53. Kf2 Qxb2+ 54. Ne2 Qb6+ 55. Kg2 Qc6+ 56.
Kf2 Qd5 57. Qg3 Kh7 58. Qf3 Qc5+ 59. Kg2 Qc2 60. Kg3 Qd1 61. Kf4 Qd2+ 62. Kg3 Qe1+ 63. Kg2 Qd2 64. Qf5+ Kh8 65. Qh5+ Kg8 66. Qg6+ Kh8 67.
Qf6+ Kg8 68. Qe5 Qc2 69. Qe8+ Kh7 70. Qe7+ Kg6 71. Qe6+ Kg5 72. Kf3 Qd3+ 73. Kf2 Qc2 74. Qe7+ Kxg4 75. Qg7+ Kh5 76. Kf3 Qd3+ 77. Kf2 Qf5+ 78.
Ke1 Qg5 79. Qh7+ Kg4 0-1

[Event "*** Titled Tuesday Blitz"]
[Site "Chess.com"]
[Date "2020.04.14"]
[Round "7"]
[White "swayamsm"]
[Black "Mikhail_Golubev"]
[Result "1/2-1/2"]
[WhiteElo "2669"]
[BlackElo "2528"]
[TimeControl "180+1"]
[EndTime "11:16:14 PDT"]
[Termination "Game drawn - insufficient material"]

1. d4 Nf6 2. Nf3 d6 3. Nc3 g6 4. e4 Bg7 5. Be2 O-O 6. O-O Bg4 7. Re1 Nc6 8. d5 Bxf3 9. Bxf3 Ne5 10. Be2 c6 11. Be3 cxd5 12. exd5 Rc8 13. Qd4 Nfg4 14. Qxa7 Nxe3 15. Qxe3 Qa5 16. a3 Rfe8 17. Rac1 Nc4 18.
Bxc4 Rxc4 19. Nd1 Bh6 20. Qe2 Bxc1 21. b4 Qc7 22. c3 Bg5 23. g3 Bf6 24. Qf3 Rc8 25.
Kg2 b5 26. h4 h5 27. Re2 Bxc3 28. Ne3 Rd4 29. g4 hxg4 30. Nxg4 Kg7 31. h5 Qc4 32. h6+ Kg8 33. Ne3 Qd3 34. Qh3 Rf8 35. Rc2 Qe4+ 36. Kf1 Qd3+ 37. Kg2 Rf4 38. Kg1 Bf6 39. h7+ Kg7 40.
Rc8 Rxc8 41. Qxc8 Kxh7 42. Qf8 Bg7 43. Qxe7 Qe4 44. Qxd6 Rh4 45. Kf1 Qb1+ 46. Ke2 Qb2+ 47. Kf3 Qf6+ 48. Qxf6 Bxf6 49. Nc2 Rh3+ 50. Ke4 Rc3 51.
Ne3 Rxa3 52. d6 Rb3 53. Nd5 Bd8 54. d7 Kg8 55. Ke5 Kf8 56. Kd6 Rb1 57. Kc6 Rd1 58. Nc3 Rc1 59. Kxb5 Rxc3 60. Ka6 Rc1 61. b5 Rd1 62. b6 Rxd7 63. b7 Rxb7 64. Kxb7 Ke7 65. Kc6 Kf6 66. Kd5 Kf5 67. Kd6 Kf4 68. Kd7 f5 69. Kxd8 g5 70. Ke7 Kf3 71. Kf6 Kf4 72.
Kg6 Kg4 73. Kf6 f4 74. Kg6 Kh4 75. Kf5 Kh5 76. Ke4 Kg4 77. Ke5 Kh3 78. Kf5 Kg2 79.
Kxg5 Kxf2 80. Kxf4 1/2-1/2

[Event "*** Titled Tuesday Blitz"]
[Site "Chess.com"]
[Date "2020.04.14"]
[Round "7"]
[White "davigator"]
[Black "queen_iryna"]
[Result "1/2-1/2"]
[WhiteElo "2357"]
[BlackElo "2216"]
[TimeControl "180+1"]
[EndTime "11:16:16 PDT"]
[Termination "Game drawn - insufficient material"]

1. e4 d6 2. d4 Nf6 3. Nc3 e5 4. Nf3 Nbd7 5. Bc4 Be7 6. O-O O-O 7. h3 c6 8. a4 h6 9. Re1 Re8 10. a5 Bf8 11. d5 b5 12. dxc6 bxc4 13. cxd7 Qxd7 14.
Qe2 Qc6 15. Nd2 Be6 16. Nf1 g6 17. f3 Bg7 18. Ne3 Rac8 19. Rd1 Nh5 20. Ned5 Bxd5 21. Nxd5 Nf6 22. Be3 Nxd5 23. Rxd5 Qb7 24. Rxd6 Qxb2 25.
Rad1 Qa2 26. a6 Rc7 27. Qd2 Bf8 28. Rd8 Rc8 29. Rd7 Qxa6 30. Rxa7 Qc6 31. Bxh6 Bc5+ 32. Be3 Bxa7 33. Bxa7 Ra8 34. Be3 Ra2 35. Qc3 Qa4 36.
Rd2 Rc8 37. Qxe5 Qa5 38. Qf6 Qa6 39. Qe5 Qa5 40. Qd4 c3 41. Rf2 Ra1+ 42. Kh2 Qc7+ 43.
f4 Rd8 44. Qf6 Raa8 45. Bd4 Rxd4 46. Qxd4 Rd8 47. Qe3 Qc4 48. e5 Rd4 49. Rf3 Re4 50. Qxc3 Rxf4 51. Qxc4 Rxc4 52. c3 Kg7 53. Re3 Rc6 54.
g4 Kf8 55. Kg3 Ke7 56. Kf4 Ke6 57. Ke4 Rc4+ 58. Kd3 Rc5 59. c4 Rc8 60. Kd4 Rd8+ 61. Kc3 Rc8 62. Rf3 Rb8 63. h4 Rh8 64. Rh3 Kxe5 65.
h5 Kf4 66. h6 Kxg4 67. Rh1 Kg5 68. h7 f5 69. Kd4 Kg4 70. c5 f4 71. Ke4 g5 72. c6 Kg3 73. c7 Kg2 74. Rh5 g4 75. c8=Q Rxc8 76. h8=Q Rxh8 77. Rxh8 f3 78. Ke3 f2 79. Rf8 g3 80. Ke2 Kh1 81. Rf3 Kh2 82.
Rxf2+ gxf2 83. Kxf2 1/2-1/2

[Event "*** Titled Tuesday Blitz"]
[Site "Chess.com"]
[Date "2020.04.14"]
[Round "7"]
[White "nonscitis"]
[Black "GasconJR"]
[Result "0-1"]
[WhiteElo "2646"]
[BlackElo "2457"]
[TimeControl "180+1"]
[EndTime "11:16:19 PDT"]
[Termination "GasconJR won on time"]

1. d4 d5 2. c4 dxc4 3. Nf3 Nf6 4. e3 e6 5. Bxc4 a6 6. O-O b5 7. Be2 Bb7 8. a4 b4 9. Nbd2 Nbd7 10. Nc4 c5 11. b3 Be7 12. Bb2 O-O 13. Rc1 Bd5 14. Bd3 a5 15. Nfd2 cxd4 16. Bxd4 Nc5 17. Bb1 Nfd7 18. Qh5 g6 19. Qh6 Bf6 20. Nf3 Bxf3 21. gxf3 Nxb3 22. Bxf6 Qxf6 23. Rcd1 Nbc5 24. f4 Rfd8 25.
Nd6 Nf8 26. Ne4 Nxe4 27. Bxe4 Rxd1 28. Rxd1 Rd8 29. Rc1 b3 30. Rb1 b2 31. Qg5 Qxg5+ 32. fxg5 Rb8 33. Bc6 Rb4 34. Kf1 e5 35. Ke2 Ne6 36. h4 Nc5 37. Kd2 e4 38. Kc3 Nd3 39. Bxe4 Rxe4 40. Kxd3 Rxh4 41. Rxb2 Rxa4 42. Rb8+ Kg7 43.
Ra8 Ra2 44. f4 h6 45. gxh6+ Kxh6 46. Ra7 Kg7 47. e4 Kf6 48. e5+ Ke6 49. Ke4 Ra4+ 50. Kf3 Ra1 51. Ra6+ Ke7 52. Ra7+ Kf8 53. e6 fxe6 54.
Kg4 a4 55. Kg5 a3 56. Kxg6 a2 57. Kf6 Ke8 58. Ra6 Kd7 59. Ra7+ Kd6 60. Ra3 Kd5 61.
Ra4 Kc5 62. Ra8 Kd4 63. Ra4+ Kd5 64. Ra5+ Kd6 65. Ra4 Kd7 66. Ra6 Kc7 67. Ra7+ Kb6 68. Ra3 Kb5 69. Ra8 Kb4 70. Rb8+ Kc3 71. Rc8+ Kd4 72.
Ra8 e5 73. Ra4+ Kc5 74. fxe5 Rf1+ 75. Kg7 a1=Q 76. Rxa1 Rxa1 77. e6 Kd6 78. e7 Kxe7 0-1

[Event "*** Titled Tuesday Blitz"]
[Site "Chess.com"]
[Date "2020.04.14"]
[Round "7"]
[White "Noukii"]
[Black "guillembaches"]
[Result "0-1"]
[WhiteElo "2675"]
[BlackElo "2474"]
[TimeControl "180+1"]
[EndTime "11:16:23 PDT"]
[Termination "guillembaches won by checkmate"]

1. e4 c5 2. Nf3 d6 3. d4 cxd4 4. Nxd4 Nf6 5. Nc3 a6 6. Be3 e5 7.
Nb3 Be6 8. Qd2 Nbd7 9. f3 h5 10.
Nd5 Bxd5 11. exd5 g6 12. c4 b6 13. Be2 Bg7 14. O-O O-O 15. a4 a5 16. Rae1 Re8 17.
Nc1 Rc8 18. Na2 Nc5 19. Bd1 e4 20. Bc2 exf3 21. gxf3 Nfd7 22. Nc3 Ne5 23. b3 Bf6 24. Nb5 Bh4 25. Re2 Qf6 26. Kg2 Re7 27. f4 Ng4 28. Bd4 Rxe2+ 29. Qxe2 Qd8 30. h3 Nf6 31. f5 g5 32. Bf2 Bxf2 33. Qxf2 Qf8 34. Qg3 g4 35. hxg4 hxg4 36. Qxd6 Qh6 37. Qg3 Re8 38. Rf2 Re3 39. Qb8+ Kg7 40. Qh2 Qxh2+ 41. Kxh2 g3+ 42. Kg2 gxf2 43.
Kxf2 Rh3 44. Ke2 Nfe4 45. Nd4 Nc3+ 46. Kd2 N3e4+ 47. Ke2 Kf6 48. Nf3 Rxf3 49. Kxf3 Nd2+ 50. Ke3 Ndxb3 51. Kf4 Nd4 52. Bd1 Nxf5 53. Kf3 Nd6 54. Ke3 Nxc4+ 55. Kd4 Nd6 56. Be2 Ke7 57. Bd1 f5 58. Ke5 Nf7+ 59. Kxf5 Kd6 60. Bf3 Nd8 61. Kf4 Nxa4 62. Ke3 Nc5 63. Kd4 Ndb7 64. Kc4 Nd7 65. Kb5 Nbc5 66. Bg4 a4 67. Kb4 Kxd5 68. Bf3+ Kd6 69.
Bg4 Kc7 70. Be2 Nb8 71. Bb5 Nc6+ 72. Ka3 Nd4 73. Bf1 b5 74. Kb4 Kb6 75. Kc3 Nc6 76.
Kb2 b4 77. Bc4 Ne5 78. Bd5 Ned3+ 79. Kc2 Nf4 80. Bc4 Nfe6 81. Kb2 Nd4 82. Ka2 a3 83. Bf7 Na4 84. Bg8 Nc3+ 85. Ka1 Nc2# 0-1

[Event "*** Titled Tuesday Blitz"]
[Site "Chess.com"]
[Date "2020.04.14"]
[Round "7"]
[White "Jojo_1608"]
[Black "FROGGY64"]
[Result "1/2-1/2"]
[WhiteElo "2236"]
[BlackElo "2363"]
[TimeControl "180+1"]
[EndTime "11:16:25 PDT"]
[Termination "Game drawn by stalemate"]

1. d4 d5 2. c4 c6 3. Nc3 Nf6 4.
Nf3 a6 5. e3 b5 6. b3 Bg4 7.
Be2 e6 8. O-O Be7 9. Nd2 Bxe2 10. Qxe2 O-O 11. Bb2 Nbd7 12. e4 bxc4 13. bxc4 Rb8 14.
Rab1 Qa5 15. e5 Ne8 16. c5 Rxb2 17. Rxb2 Qxc3 18. Rb7 Bxc5 19. Rxd7 Bxd4 20. Nf3 Bb6 21. Qxa6 Qb2 22. Rb7 Bxf2+ 23. Rxf2 Qc1+ 24. Qf1 Qe3 25.
Qe2 Qc1+ 26. Rf1 Qc5+ 27. Qf2 Qa3 28. Ra7 Qd3 29. Qd4 Qc2 30. a4 c5 31. Qd2 Qe4 32.
Re1 Qg4 33. h3 Qc4 34. Rc1 Qe4 35. Rxc5 f6 36. Re7 fxe5 37. Qg5 h6 38. Qg4 Qe3+ 39.
Kh2 Qxc5 40. Qxe6+ Kh7 41. Rxe8 Rxf3 42. Qg8+ Kg6 43.
Qe6+ Rf6 44. Qxe5 Kh7 45. Rd8 Qc4 46. Rxd5 Qxa4 47. Rd4 Qc2 48. Re4 Rg6 49. Rg4 Rxg4 50. hxg4 Qc4 51. Qf5+ Kg8 52. Kh3 Qc3+ 53. Qf3 Qe5 54.
Qa8+ Kh7 55. Qf3 Kg8 56. Qa8+ Kh7 57. Qf8 Qe3+ 58. Qf3 Qxf3+ 59. gxf3 Kg6 60. f4 Kf6 61. Kh4 g6 62. g5+ hxg5+ 63. fxg5+ Kf5 64. Kh3 Kf4 65. Kh4 Kf5 66. Kh3 Kxg5 67. Kg3 Kf5 68. Kf3 g5 69. Kg3 g4 70. Kg2 Kg5 71. Kg3 Kh5 72. Kg2 Kh4 73. Kh2 g3+ 74. Kg1 Kg4 75. Kg2 Kf4 76.
Kg1 Kg4 77. Kg2 Kh4 78. Kg1 Kg5 79. Kg2 Kg4 80. Kg1 Kf3 81. Kf1 g2+ 82. Kg1 Kg3 1/2-1/2

[Event "*** Titled Tuesday Blitz"]
[Site "Chess.com"]
[Date "2020.04.14"]
[Round "7"]
[White "kagg1125"]
[Black "Spring199"]
[Result "1-0"]
[WhiteElo "2517"]
[BlackElo "2321"]
[TimeControl "180+1"]
[EndTime "11:16:27 PDT"]
[Termination "kagg1125 won on time"]

1. e4 e5 2. Nf3 Nc6 3. Bb5 a6 4.
Ba4 Nf6 5. O-O Be7 6. d3 b5 7. Bb3 O-O 8. a3 d6 9. Nc3 Bg4 10. Be3 Qd7 11. h3 Be6 12. Nd5 h6 13. c3 Na5 14. Ba2 Nxd5 15. exd5 Bf5 16. b4 Nb7 17. d4 e4 18. Nd2 Bh7 19. f3 exf3 20. Nxf3 a5 21. Qd2 Ra7 22. Bb3 Rfa8 23. Rae1 Bf8 24. Nh2 axb4 25. axb4 Ra3 26. Qb2 Bd3 27. Rf2 Be7 28. Bc2 Ra2 29. Qb1 Bh4 30. Bxd3 Ra1 31. Rff1 Bxe1 32. Qb2 R8a2 33. Qb3 Bg3 34. Nf3 Rxf1+ 35.
Bxf1 Ra1 36. Qb2 Ra8 37. Bd3 Qe7 38. Qd2 Re8 39. Bf4 Bxf4 40. Qxf4 Qe3+ 41. Qxe3 Rxe3 42.
Bxb5 Rxc3 43. Bc6 Nd8 44. Bd7 Kf8 45. b5 Ke7 46. Bc8 Rb3 47. Ba6 g5 48. Kf2 f6 49. Nd2 Rb2 50. Ke3 Nf7 51. g4 Ra2 52. Nc4 Ra1 53. Kf3 Rc1 54. Ne3 Rc3 55. Kf2 Ra3 56.
Bc8 Kd8 57. Bb7 Rb3 58. Bc6 Ke7 59. Nf5+ Kf8 60. Kg2 Nd8 61. Bd7 Nb7 62. Nxh6 Na5 63. Nf5 Nc4 64. Kf2 Rb2+ 65. Kf3 Nd2+ 66. Ke3 Nb3 67.
Kd3 Rb1 68. Kc2 Rh1 69. Kxb3 Rxh3+ 70. Kc4 Rg3 71. Nh6 1-0

[Event "*** Titled Tuesday Blitz"]
[Site "Chess.com"]
[Date "2020.04.14"]
[Round "7"]
[White "JakubPulpan"]
[Black "Mr_Sinigami"]
[Result "1-0"]
[WhiteElo "2758"]
[BlackElo "2582"]
[TimeControl "180+1"]
[EndTime "11:16:41 PDT"]
[Termination "JakubPulpan won by resignation"]

1. Nf3 Nf6 2. b3 d5 3. Bb2 g6 4. g3 Bg7 5. c4 c6 6. Bg2 O-O 7. O-O a5 8. cxd5 cxd5 9. a3 Nc6 10. Nc3 d4 11. Nb5 e5 12. a4 Nd5 13. d3 Be6 14. Rc1 Ndb4 15. Nd2 Bd5 16. Bxd5 Nxd5 17. Ne4 Ndb4 18.
Ba3 f5 19. Nc5 Qe7 20. Qd2 Rad8 21. Rc4 e4 22. dxe4 fxe4 23. e3 dxe3 24. Qxe3 Qf7 25. Nxe4 Rd5 26. Ng5 Qf5 27. Qe6+ Qxe6 28. Nxe6 Rc8 29.
Nxg7 Kxg7 30. Bxb4 axb4 31. Rfc1 Rd3 32. Na7 Rc7 33.
Nxc6 bxc6 34. Rxc6 Rxc6 35. Rxc6 Rxb3 36. Rb6 Rb1+ 37.
Kg2 h5 38. h4 Kh6 39. Kf3 b3 40. Kf4 Ra1 41. Rxb3 Rxa4+ 42. Ke5 Ra2 43. Rf3 Ra6 44. Ke4 Re6+ 45. Kd3 Re7 46. Re3 Rf7 47. Ke2 Ra7 48. Kf3 Ra4 49. Re4 Ra3+ 50. Re3 Ra2 51. Rb3 Rc2 52. Rb6 Ra2 53. Kg2 Rc2 54.
Rf6 Ra2 55. Kh3 Kg7 56. Rf3 Kh6 57. Kg2 Rb2 58. Re3 Ra2 59. Kf1 Rb2 60. Re2 Rb1+ 61. Re1 Rb3 62. Kg2 Ra3 63. Re2 Rb3 64. f3 Ra3 65.
Kf2 Rb3 66. Ra2 Rc3 67. Kg2 Rb3 68. g4 hxg4 69. fxg4 Kh7 70. Rf2 Kg7 71. Rf3 Rb7 72.
Kg3 Rc7 73. Ra3 Rb7 74. Ra4 Rb1 75. Ra7+ Kg8 76. Kf4 Rb5 77. Re7 Kf8 78. Re5 Rb4+ 79. Kg5 Kf7 80. Ra5 Rb7 81. Kh6 1-0

[Event "*** Titled Tuesday Blitz"]
[Site "Chess.com"]
[Date "2020.04.14"]
[Round "7"]
[White "anesar92"]
[Black "MergenKakabaev"]
[Result "1-0"]
[WhiteElo "2683"]
[BlackElo "2450"]
[TimeControl "180+1"]
[EndTime "11:16:41 PDT"]
[Termination "anesar92 won by resignation"]

1. e4 e5 2. Nc3 Nc6 3. Bc4 Nf6 4. d3 Bc5 5. f4 Bxg1 6. Rxg1 d6 7. f5 Na5 8. Bg5 Nxc4 9. dxc4 b6 10. Qd3 Bb7 11.
O-O-O h6 12. Bh4 Qd7 13. Bf2 O-O-O 14. g4 Qc6 15. Rde1 a6 16. h4 h5 17. gxh5 Nxh5 18. Nd5 Kb8 19. Be3 Qa4 20. b3 Qxa2 21. Nc3 Qa3+ 22.
Kd2 Nf4 23. Bxf4 exf4 24. Rxg7 Rxh4 25. Rxf7 Rh2+ 26. Re2 Rxe2+ 27. Nxe2 Re8 28. f6 Bxe4 29. Re7 Bxd3 30. Rxe8+ Kb7 31. f7 Qa5+ 32. Nc3 Bg6 33. f8=Q Bxe8 34. Qxe8 Qg5 35. Qe4+ Kb8 36. Qf3 Qf5 37.
Nd5 a5 38. Qxf4 Qxf4+ 39. Nxf4 c6 40. Kc3 Kc7 41. Nd3 b5 42. cxb5 cxb5 43. Nb2 Kc6 44.
Kd4 Kb6 45. c3 Kc6 46. Ke4 Kc5 47. Kd3 Kd5 48. Ke3 Ke5 49. Kd3 Kd5 50. c4+ bxc4+ 51.
bxc4+ Kc5 52. Kc3 d5 53. Nd3+ Kc6 54. c5 Kb5 55. Kb2 a4 56. Ka3 d4 57. Ka2 Kc4 58. c6 Kxd3 59. c7 Ke2 60. c8=Q d3 61.
Qe6+ Kf2 62. Qf5+ Ke2 63. Qe4+ Kd2 64. Kb2 a3+ 65. Kxa3 Kc3 66. Qc6+ Kd2 67. Kb2 Ke3 68. Kc3 d2 69. Qe6+ Kf3 70. Kxd2 1-0

[Event "*** Titled Tuesday Blitz"]
[Site "Chess.com"]
[Date "2020.04.14"]
[Round "7"]
[White "Revnov"]
[Black "Neimar24"]
[Result "0-1"]
[WhiteElo "2760"]
[BlackElo "2571"]
[TimeControl "180+1"]
[EndTime "11:16:50 PDT"]
[Termination "Neimar24 won on time"]

1. e4 e6 2. Qe2 d5 3. exd5 Qxd5 4. Nf3 c5 5. Nc3 Qd8 6. g3 Nc6 7. Bg2 Nge7 8. O-O Nf5 9. Ne4 Be7 10. c3 O-O 11. a3 b6 12. b4 Bb7 13. Rd1 Qc7 14. Bb2 Rfd8 15. d3 cxb4 16. axb4 a5 17. b5 Ne5 18.
Nxe5 Qxe5 19. d4 Qc7 20. c4 Bb4 21. Rac1 Qe7 22. Ba1 Rac8 23. h4 h6 24. Qg4 Bxe4 25. Bxe4 Nd6 26. Bd3 f5 27. Qe2 f4 28. Qg4 Rf8 29. Rf1 fxg3 30. fxg3 Rxf1+ 31. Rxf1 Rf8 32. Rxf8+ Kxf8 33. Qf3+ Qf6 34. Qa8+ Ne8 35. Qc6 e5 36. dxe5 Qxc6 37. bxc6 Nc7 38. Bf5 Ke7 39. Kf2 a4 40. Ke3 a3 41. Kd3 Na6 42. h5 Be1 43. g4 Bg3 44. Ke3 Bh4 45. Be4 Bg5+ 46. Ke2 Bc1 47.
Kd1 Bb2 48. Bxb2 axb2 49. Kc2 Ke6 50. Kxb2 Kxe5 51. Bf3 Kf4 52. Bd1 Ke5 53. Kc3 Kd6 54. Bf3 Nb8 55. Kd4 Nxc6+ 56. Ke4 Ne5 57. Be2 Ke6 58.
Kf4 Nd7 59. Bf3 Nc5 60. Bd5+ Kf6 61. Ke3 Nd7 62. Ke4 Ne5 63. Kf4 Nd3+ 64. Ke4 Nc5+ 65. Kf4 Nd3+ 66. Ke4 Ne5 67. Kd4 Nxg4 68. Kc3 Ne3 69.
Bf3 Ke5 70. Kb4 Kf4 71. Be2 Nc2+ 72. Kc3 Ne3 73. Kb4 Ke5 74. Kb5 Kd4 75. Bf3 Nxc4 76. Be2 Nd6+ 77. Kxb6 Ke5 78. Kc6 Ne4 79. Bd1 Ng3 80.
Kc5 Kf6 81. Kd4 Kg5 82. Ke3 Nxh5 83. Kf3 Nf4 84. Kg3 h5 85. Kf3 h4 86. Ke4 Ne6 87.
Bf3 Kf6 88. Bh1 g5 89. Bf3 Nc5+ 90. Kd5 Ne6 91. Ke4 Nf4 92. Bg4 h3 93. Kf3 Ke5 94.
Kg3 Kd4 95. Bc8 Ke3 96. Bb7 Ke2 97. Kg4 Kf2 98. Bc6 h2 99. Bb7 Ng2 0-1

[Event "*** Titled Tuesday Blitz"]
[Site "Chess.com"]
[Date "2020.04.14"]
[Round "7"]
[White "Aryangholami"]
[Black "kingofthenil"]
[Result "1-0"]
[WhiteElo "2727"]
[BlackElo "2542"]
[TimeControl "180+1"]
[EndTime "11:17:13 PDT"]
[Termination "Aryangholami won on time"]

1. Nf3 Nf6 2. g3 e6 3. Bg2 d5 4. O-O Be7 5. b3 O-O 6. Bb2 c5 7. c4 Nc6 8. cxd5 Nxd5 9. d4 Bf6 10. e4 Nc7 11. e5 Be7 12. Nbd2 cxd4 13. Ne4 b6 14. Nxd4 Nxd4 15. Nd6 Nf5 16. Bxa8 Nxa8 17. Nxc8 Qxc8 18. Rc1 Qb7 19. Qc2 Bc5 20. a3 h5 21.
Rfd1 a5 22. Qe2 g6 23. Rc4 Rc8 24. Rdc1 Rd8 25. b4 axb4 26. axb4 Be7 27. Rd1 Rxd1+ 28. Qxd1 b5 29. Rc1 Nb6 30. Bc3 Nc4 31. Qd3 Bf8 32.
Ra1 Qc6 33. Ra7 Qd5 34. Qxd5 exd5 35. Rd7 d4 36. Bxd4 Nxd4 37. Rxd4 Nxe5 38. Rd5 Nc6 39. Rxb5 Nxb4 40. Kg2 Nc6 41. h4 Ne7 42. Rb7 Kg7 43. Kf3 Nf5 44. Kg2 Bc5 45. Rb5 Be7 46. Rb7 Bf6 47.
Rb6 Ne7 48. Rb5 Bd4 49. Rb7 Nc6 50. Rc7 Nd8 51. Rd7 Ne6 52. Rb7 Kf6 53. Rb5 Be5 54. Rb6 Kf5 55. Rb5 Kf6 56. Rb6 Bc7 57. Rc6 Bd8 58. Ra6 Be7 59. Kf3 Kg7 60. Kg2 Bc5 61. Ra1 Kf8 62. Rd1 Ke7 63. Re1 Kf6 64. Rc1 Bd4 65.
Rc4 Ke5 66. Ra4 Ng7 67. Ra5+ Ke4 68. Rb5 Nf5 69. Rb7 Nd6 70. Re7+ Kd5 71. Re2 Bf6 72. Rd2+ Bd4 73. Ra2 Ne4 74. f3 Nd6 75. Ra5+ Ke6 76. g4 Bf6 77. Kh3 Be7 78. gxh5 gxh5 79. Rxh5 Nf5 80.
Rh8 Nxh4 81. Kg4 Ng6 82. Ra8 Ne5+ 83. Kg3 Bd6 84. Ra6 Ng6+ 85. Kg4 Ne7 86. f4 Nf5 87. Ra5 Nd4 88. f5+ Kf6 89. Rd5 Be7 90. Rxd4 Ke5 91. Ra4 Kf6 92. Ra5 Bd6 93. Rd5 Bc7 94. Kf3 Bb8 95. Ke4 Bc7 96. Rd7 Bg3 97. Rd3 Bh2 98. Rh3 Bb8 99. Rh6+ Kg5 100. Rb6 Bg3 101. Ra6 Bh2 102. Ra7 Kf6 103. Ra2 1-0

[Event "*** Titled Tuesday Blitz"]
[Site "Chess.com"]
[Date "2020.04.14"]
[Round "7"]
[White "Alliswell998"]
[Black "kleopl"]
[Result "0-1"]
[WhiteElo "2543"]
[BlackElo "2405"]
[TimeControl "180+1"]
[EndTime "11:17:21 PDT"]
[Termination "kleopl won on time"]

1. d4 Nf6 2. Bg5 c5 3. d5 Qb6 4. Nc3 Qxb2 5. Bd2 Qb6 6. e4 d6 7.
f4 g6 8. Nf3 Bg7 9. Bc4 O-O 10. O-O a6 11. a4 Bg4 12. Kh1 Qc7 13. Qe1 Bxf3 14. Rxf3 Nbd7 15. Rb1 Rab8 16. Qh4 Nb6 17. Rxb6 Qxb6 18. e5 dxe5 19. fxe5 Nd7 20.
e6 fxe6 21. Rh3 Nf6 22. Bg5 h5 23. Bf4 Qb2 24. Qe1 Ng4 25. Rf3 Bxc3 26. Qxe6+ Kh8 27.
Qxg6 Qb1+ 28. Rf1 Nf2+ 29. Kg1 Nh3+ 30. gxh3 Qxf1+ 31. Kxf1 Rxf4+ 32. Ke2 Rxc4 33. Qxh5+ Kg8 34. Kd3 Rd4+ 35. Kxc3 Rd8 36. Qg6+ Kf8 37. Qf5+ Kg8 38.
Qe6+ Kf8 39. Qh6+ Kg8 40. Qg5+ Kf8 41. Qf5+ Kg8 42. h4 R4xd5 43. Qg6+ Kf8 44. h5 R5d6 45. Qg5 Rf6 46. h6 Kf7 47. Qg7+ Ke6 48. h7 Rff8 49. h4 Rf3+ 50. Kb2 Rff8 51. a5 Kd6 52. h5 e6 53.
h6 Kc6 54. Qg6 Rfe8 55. Qe4+ Kc7 56. Qe5+ Kc6 57. Qg7 Rc8 58. Ka2 Rcd8 59. c4 Rc8 60. Kb3 Rcd8 61. Ka4 e5 62. Qg2+ Kc7 63. Qg6 Kb8 64.
Qg7 e4 65. Qg3+ Ka8 66. Qe3 Rd7 67. Qxe4 Rxe4 68. h8=Q+ Ka7 69. Qg8 Ree7 70. Qg1 Rc7 71.
Qe3 Rh7 72. Qf4 Rhf7 73. Qg5 Rh7 74. Qg6 Rhe7 75. Qb6+ Ka8 76. Qd6 Kb8 77. Qd8+ Ka7 78. Qg8 Rcd7 79. Qf8 Rc7 80. Qf2 Ka8 81. Ka3 Ka7 82.
Qg1 Red7 83. Ka4 Rh7 84. Qg6 Rhd7 85. Qb6+ Ka8 86. Qe6 Ka7 87. Qe5 Rh7 88. Kb3 Rc6 89. Qe4 Rhxh6 90. Ka4 Rhd6 91. Qe3 Rd4 92. Qe2 Rcd6 93.
Qb2 Rc6 94. Qg2 Re6 95. Ka3 Ree4 96. Kb3 Rxc4 97. Qg7 Rb4+ 98. Ka3 Rec4 99. Qg6 Ra4+ 100. Kb3 Rcb4+ 101. Kc2 Rxa5 102. Kc3 Rab5 103. Kc2 Rb2+ 104. Kc1 Rb1+ 105. Kc2 R1b4 106. Kc3 a5 107. Qe8 a4 108. Qe2 a3 109. Qa2 Rb3+ 110. Kc4 b6 111. Kd5 Ka6 112. Kc6 R5b4 113. Qh2 Re3 0-1

[Event "*** Titled Tuesday Blitz"]
[Site "Chess.com"]
[Date "2020.04.14"]
[Round "8"]
[White "CHESSMASTER759"]
[Black "ChessWarrior7197"]
[Result "0-1"]
[WhiteElo "2763"]
[BlackElo "2919"]
[TimeControl "180+1"]
[EndTime "11:23:08 PDT"]
[Termination "ChessWarrior7197 won by resignation"]

1. e4 c5 2. Nf3 d6 3. Nc3 Nf6 4.
e5 dxe5 5. Nxe5 Nbd7 6. Nc4 Nb6 7. Nxb6 Qxb6 8. Bb5+ Bd7 9. Bxd7+ Nxd7 10. O-O e6 11. d3 0-1

[Event "*** Titled Tuesday Blitz"]
[Site "Chess.com"]
[Date "2020.04.14"]
[Round "8"]
[White "arctic_t00"]
[Black "Colombiano07"]
[Result "1-0"]
[WhiteElo "2482"]
[BlackElo "2304"]
[TimeControl "180+1"]
[EndTime "11:23:44 PDT"]
[Termination "arctic_t00 won by resignation"]

1. Nf3 d5 2. g3 Bf5 3. Bg2 e6 4. O-O h6 5. d3 Nf6 6. c4 c6 7. cxd5 exd5 8. Qb3 Qb6 9. Qc2 Nbd7 10. Nc3 Bd6 11. e4 dxe4 12. dxe4 Bh7 13. Be3 Bc5 14. Na4 1-0

[Event "*** Titled Tuesday Blitz"]
[Site "Chess.com"]
[Date "2020.04.14"]
[Round "8"]
[White "ElHelvetico"]
[Black "Jenia84"]
[Result "1-0"]
[WhiteElo "2622"]
[BlackElo "2359"]
[TimeControl "180+1"]
[EndTime "11:24:25 PDT"]
[Termination "ElHelvetico won by resignation"]

1. e4 e5 2. f4 d5 3. exd5 Qxd5 4. Nc3 Qe6 5. fxe5 Qxe5+ 6. Be2 Nc6 7. Nf3 Qh5 8. O-O Bd6 9. Nb5 Bf4 10. d4 Bxc1 11. Rxc1 Kd8 12. Ne5 1-0

[Event "*** Titled Tuesday Blitz"]
[Site "Chess.com"]
[Date "2020.04.14"]
[Round "8"]
[White "garicradomir"]
[Black "enriquetejedor"]
[Result "1/2-1/2"]
[WhiteElo "2410"]
[BlackElo "2556"]
[TimeControl "180+1"]
[EndTime "11:24:43 PDT"]
[Termination "Game drawn by agreement"]

1. e4 d5 2. exd5 Qxd5 3. Nc3 Qd6 4. d4 Nf6 5. Nf3 a6 6. g3 Bg4 7. Bg2 Nc6 8. O-O O-O-O 9. h3 Bxf3 10. Qxf3 Qxd4 11. Be3 Qb4 1/2-1/2

[Event "*** Titled Tuesday Blitz"]
[Site "Chess.com"]
[Date "2020.04.14"]
[Round "8"]
[White "UmutErdemGunduz"]
[Black "Noukii"]
[Result "1-0"]
[WhiteElo "2380"]
[BlackElo "2661"]
[TimeControl "180+1"]
[EndTime "11:24:46 PDT"]
[Termination "UmutErdemGunduz won by resignation"]

1. Nf3 b6 2. c4 Bb7 3. b3 Bxf3 4. exf3 c5 5. d4 cxd4 6. Qxd4 Nc6 7. Qd2 Nf6 8. Bb2 e6 9. Nc3 Be7 10. g3 O-O 11.
Bg2 d6 12. f4 Qd7 13. O-O Rad8 14. Rad1 a6 15. Rfe1 Qc7 16. f5 exf5 17. Bxc6 Qxc6 18.
Rxe7 1-0

[Event "*** Titled Tuesday Blitz"]
[Site "Chess.com"]
[Date "2020.04.14"]
[Round "8"]
[White "Khamrakulov_Djurabek"]
[Black "NewBornNow"]
[Result "1-0"]
[WhiteElo "2898"]
[BlackElo "2670"]
[TimeControl "180+1"]
[EndTime "11:24:48 PDT"]
[Termination "Khamrakulov_Djurabek won by resignation"]

1. e4 d6 2. d4 Nf6 3. Nc3 e5 4. Nf3 Nbd7 5. Rg1 g6 6. g4 Bg7 7. g5 Nh5 8. Be3 O-O 9. Qd2 c6 10. O-O-O b5 11. dxe5 dxe5 12. Qd6 b4 13. Qxb4 Re8 14.
Bh3 Nf4 15. Bxd7 Bxd7 16. Qb7 1-0

[Event "*** Titled Tuesday Blitz"]
[Site "Chess.com"]
[Date "2020.04.14"]
[Round "8"]
[White "Lion-Al-Messi"]
[Black "realmadridtv"]
[Result "0-1"]
[WhiteElo "2452"]
[BlackElo "2373"]
[TimeControl "180+1"]
[EndTime "11:24:50 PDT"]
[Termination "realmadridtv won by checkmate"]

1. d4 d5 2. Nf3 Nf6 3. Nc3 g6 4. Bg5 Bg7 5. e3 O-O 6. Bd3 c5 7. O-O b6 8. dxc5 bxc5 9. e4 Bb7 10. exd5 Nxd5 11. Nxd5 Qxd5 12. Qe2 e5 13. Rfe1 Nc6 14. Rad1 Nd4 15. Nxd4 Qxg2# 0-1